 Dungeon Crawl Stone Soup version 0.28.0-1-gb440e238dd (webtiles) character file.

Game seed: 281536895745213862

4 theElss the Skirmisher (level 1, 0/14 HPs)
             Began as a Gargoyle Berserker on Feb 27, 2022.
             Was a Follower of Trog.
             Slain by a goblin (1 damage)
             ... on level 1 of the Dungeon.
             The game lasted 00:00:24 (107 turns).

theElss the Skirmisher (Gargoyle Berserker)          Turns: 107, Time: 00:00:25

Health: 0/14       AC:  4    Str: 20    XL:     1   Next: 60%
Magic:  1/1        EV: 11    Int:  7    God:    Trog [*.....]
Gold:   3          SH:  0    Dex:  9    Spells: 0/0 levels left

rFire   . . .      SeeInvis .   a - +0 mace
rCold   . . .      Faith    .   (no shield)
rNeg    + . .      Spirit   .   b - +0 animal skin
rPois   ∞          Reflect  .   (no helmet)
rElec   +          Harm     .   (no cloak)
rCorr   .          Rampage  .   (no gloves)
Will    .....                   (no boots)
Stlth   +.........              (no amulet)
HPRegen 0.04/turn               (no ring)
MPRegen 0.07/turn               (no ring)

@: no status effects
A: sickness immunity, AC +2, negative energy resistance 1, electricity
resistance, torment resistance 1, petrification resistance
a: Renounce Religion, Berserk


You were on level 1 of the Dungeon.
You worshipped Trog.
Trog was aware of your devotion.
You visited 1 branch of the dungeon, and saw 1 of its levels.

You collected 3 gold pieces.

Inventory:

Hand Weapons
 a - a +0 mace (weapon)
Armour
 b - a +0 animal skin (worn)
Potions
 c - a potion of lignification {unknown}


   Skills:
 + Level 3.3 Fighting
 + Level 3.0 Maces & Flails
 + Level 2.3 Armour
 + Level 1.6 Dodging


You couldn't memorise any spells.
You didn't know any spells.
Your spell library was empty.

Dungeon Overview and Level Annotations

Branches:
Dungeon (1/15)

Altars:


Innate Abilities, Weirdness & Mutations

You are immune to sickness and miasma.
Your stone body is resilient. (AC +2)
You are immune to poison.
You resist negative energy. (rN+)
You are resistant to electric shocks. (rElec)
You are resistant to unholy torment.
You are immune to petrification.


Message History

You kill the hobgoblin!
Trog accepts your kill. The jackal barely misses you.
The goblin barely misses you.
You closely miss the jackal.
The jackal bites you but does no damage.
The goblin barely misses you.
You barely miss the jackal. The jackal barely misses you.
The goblin closely misses you. The jackal bites you.
You hit the jackal but do no damage. The jackal closely misses you.
The goblin hits you but does no damage. The jackal bites you.
The goblin hits you but does no damage.
You barely miss the jackal. Your punch misses the jackal.
The jackal bites you but does no damage.
The goblin hits you but does no damage. The jackal barely misses you.
You closely miss the jackal. The jackal barely misses you.
The goblin hits you with a +0 dagger. The jackal misses you.
You closely miss the jackal. The jackal closely misses you.
The goblin hits you but does no damage.
You thump the jackal!
You kill the jackal!
Trog accepts your kill. The goblin hits you but does no damage.
The goblin barely misses you.
You closely miss the jackal. The jackal bites you.
The jackal bites you but does no damage.
The goblin hits you with a +0 dagger.
* * * LOW HITPOINT WARNING * * *
Unknown command.
You closely miss the jackal. The jackal bites you.
* * * LOW HITPOINT WARNING * * *
The goblin hits you with a +0 dagger.
* * * LOW HITPOINT WARNING * * *
The jackal completely misses you.
You hit the jackal but do no damage.
The jackal bites you but does no damage.
The goblin barely misses you. The jackal closely misses you.
You sock the jackal!
You kill the jackal!
Trog accepts your kill. The goblin barely misses you.
The goblin hits you with a +0 dagger.
You die...

.# .# ..# ###.# # #...
..
###############.####.#
..........>.....#gr..#
................@r#
..............#####
..............#
#.....(.......#
###....(......#####
.................#
#######.###.#####.#
#.............
#.........###.#


You could see a goblin and 2 rats.

Vanquished Creatures
  An endoplasm (D:1)
  A hobgoblin (D:1)
  2 jackals (D:1)
4 creatures vanquished.

Notes
Turn   | Place    | Note
-------+----------+-------------------------------------------
     0 | D:1      | theElss the Gargoyle Berserker began the quest for the Orb.
     0 | D:1      | Reached XP level 1. HP: 14/14 MP: 1/1
   107 | D:1      | Slain by a goblin

Illustrated notes

Levels and vault maps discovered:
D:1:      minmay_arrival_hallway, layout_rooms, minmay_pentomino_q4

Action                   || total
-------------------------++-------
Melee: Mace              ||    17
Armor: Animal skin       ||    13
Dodge: Dodged            ||    22
